 Dungeon Crawl Stone Soup version 0.26.1-11-gd32895ea62 (webtiles) character file.

Game seed: 2270516920838003304

7000 tardwrangler69 the Geomancer (level 10, -12/69 HPs)
             Began as a Yellow Draconian Earth Elementalist on Apr 12, 2021.
             Was a Priest of Vehumet.
             Hit by a large rock thrown by a cyclops (33 damage)
             ... on level 10 of the Dungeon.
             The game lasted 00:21:18 (10692 turns).

tardwrangler69 the Geomancer (DrEE)                Turns: 10692, Time: 00:21:19

Health: -12/69     AC:  9    Str: 20    XL:     10   Next: 82%
Magic:  22/22      EV: 12    Int: 20    God:    Vehumet [***...]
Gold:   682        SH:  5    Dex: 17    Spells: 15/26 levels left

rFire    + . .     SeeInvis +   s - +9 dagger "Awias" {pain, rF+ rC+++ Str+8 Stlth-}
rCold    + + +     Faith    .   j - +0 buckler
rNeg     . . .     Spirit   .   (armour unavailable)
rPois    .         Reflect  .   (helmet restricted)
rElec    .         Harm     .   (no cloak)
rCorr    +         Rampage  .   w - +0 pair of gloves
Will     +....                  B - +0 pair of boots
Stlth    +.........             q - amulet of regeneration
HPRegen  0.61/turn              c - ring of see invisible
MPRegen  0.18/turn              o - +6 ring of dexterity

@: no status effects
A: spit acid, unfitting armour, clever 1, strong-willed 1, cold-blooded, acid
resistance, AC +7
a: Breathe Acid, Renounce Religion


You were on level 10 of the Dungeon.
You worshipped Vehumet.
Vehumet was most pleased with you.
You visited 2 branches of the dungeon, and saw 11 of its levels.

You collected 682 gold pieces.

Inventory:

Hand Weapons
 k - a +3 rapier of protection
 s - the +9 dagger "Awias" (weapon) {pain, rF+ rC+++ Str+8 Stlth-}
   (You found it on level 8 of the Dungeon)

   In the hands of one skilled in necromantic magic, it inflicts extra damage on
   living creatures.
   It affects your strength (+8).
   It protects you from fire.
   It renders you almost immune to cold.
   It makes you less stealthy.
 y - the +8 dagger "Liyred" {freeze, rN+ Str+2}
   (You found it on level 7 of the Dungeon)

   It has been specially enchanted to freeze those struck by it, causing extra
   injury to most foes and up to half again as much damage against particularly
   susceptible opponents.
   It can also slow down cold-blooded creatures.
   It affects your strength (+2).
   It protects you from negative energy.
Missiles
 b - 196 stones
Armour
 j - a +0 buckler (worn)
 w - a +0 pair of gloves (worn)
 B - a +0 pair of boots (worn)
Jewellery
 c - a ring of see invisible (left hand)
 o - a +6 ring of dexterity (right hand)
 p - an uncursed ring of positive energy
 q - an amulet of regeneration (around neck)
 A - an uncursed amulet of reflection
 H - a +6 ring of intelligence {unknown}
Wands
 i - a wand of enslavement (7)
 t - a wand of polymorph (10)
 x - a wand of acid (15)
 D - a wand of paralysis (9)
Scrolls
 a - 2 scrolls of magic mapping
 d - a scroll of enchant weapon
 f - 2 scrolls of identify
 m - 2 scrolls of immolation
 n - a scroll of teleportation
 u - a scroll of amnesia
 v - 2 scrolls of fear
 z - a scroll of fog
 F - a scroll of holy word
Potions
 e - 2 potions of flight
 g - 7 potions of curing
 h - 5 potions of mutation
 l - 4 potions of attraction
 r - 2 potions of heal wounds
 C - a potion of brilliance {unknown}
 E - a potion of lignification {unknown}
 G - a potion of ambrosia {unknown}


   Skills:
 - Level 1.7 Dodging
 - Level 1.7 Stealth
 - Level 4.0 Shields
 + Level 8.6 Spellcasting
 - Level 3.0 Conjurations
 - Level 1.0 Transmutations
 * Level 12.9 Earth Magic


You had 15 spell levels left.
You knew the following spells:

 Your Spells              Type           Power        Failure   Level
a - Sandblast             Erth           100%         1%          1
b - Stone Arrow           Conj/Erth      80%          1%          3
c - Passwall              Tmut/Erth      30%          1%          2
d - Lee's Rapid Deconstr  Erth           28%          1%          5

Your spell library contained the following spells:

 Spells                   Type           Power        Failure   Level
 Ignite Poison            Fire/Tmut/Pois 10%          5%          3
 Freeze                   Ice            32%          2%          1
 Petrify                  Tmut/Erth      36%          4%          4
 Frozen Ramparts          Ice            16%          7%          3
 Hailstorm                Conj/Ice       14%          11%         4
 Confusing Touch          Hex            8%           24%         3
 Gell's Gravitas          Tloc           4%           24%         3
 Ozocubu's Armour         Ice            8%           24%         3
 Yara's Violent Unravell  Hex/Tmut       5%           41%         5
 Summon Ice Beast         Ice/Summ       8%           61%         4
 Metabolic Englaciation   Hex/Ice        4%           91%         5


Dungeon Overview and Level Annotations

Branches:
Dungeon (10/15)            Temple (1/1) D:6            Lair (0/6) D:8
    Orc (0/2) D:9

Altars:
Ashenzari
Cheibriados
Dithmenos
Elyvilon
Fedhas
Gozag
Hepliaklqana
Kikubaaqudgha
Makhleb
Nemelex Xobeh
Okawaru
Qazlal
Ru
Sif Muna
Trog
Uskayaw
Vehumet
Wu Jian
Xom
Yredelemnul
Zin
The Shining One

Shops:
D:9 :(

Annotations:
D:5 2 transporters
D:6 Prince Ribbit


Innate Abilities, Weirdness & Mutations

You can spit globs of acid.
Your golden yellow scales are hard. (AC +7)
You cannot fit into any form of body armour.
You are cold-blooded and may be slowed by cold attacks.
You are resistant to acid. (rCorr)
Your mind is acute. (Int +2)
You are strong-willed. (Will+)


Message History

An orc is nearby!
An orc is nearby!
An orc priest and a cyclops come into view.
The cyclops throws a large rock.
You block the large rock.
The orc priest miscasts a cantrip.
You see here a large rock.
An orc wizard comes into view. It is wielding a +0 dagger.
The orc wizard shouts!
The cyclops throws a large rock.
The large rock hits you!!
An orc comes into view. It is wielding a -1 club.
Found 9 poisoned darts.
You see here a large rock.
The orc shouts!
The cyclops throws a large rock.
The large rock hits you!!
You see here a large rock.
You see here a large rock.
The orc wizard gestures at you while chanting.
The puff of flame hits you. You resist.
The cyclops throws a large rock.
The large rock hits you!!
You die...

..########## #.......#
..# #C......# (.#
#.......# ..# #.......##
..# #......... ..#
#..oo.o... ### #.(...o#
####(.....# ########
#..@......# .......#
#.........#
.......#+#####.........+
..................>....#
........................(
...........##########....
...........# ....
...........# ..
##########.#


You could see a cyclops, an orc priest, an orc wizard and 2 orcs.

Vanquished Creatures
  An unseen horror (D:10)
  An elephant (D:7)
  2 trolls
  2 wyverns
  4 orc warriors
  A swamp drake (D:9)
  An eye of draining (D:8)
  4 ice beasts
  3 sky beasts
  2 black bears (D:8)
  2 necrophages
  10 ogres
  2 phantoms
  A centaur (D:9)
  A wyvern zombie (D:8)
  4 bullfrogs
  4 scorpions
  5 killer bees (D:7)
  6 wights (D:9)
  3 howler monkeys
  A crimson imp (D:8)
  A centaur zombie (D:9)
  A bullfrog zombie (D:7)
  4 hounds
  3 bullfrog skeletons
  3 jellies
  A quasit (D:8)
  5 orc priests
  11 orc wizards
  A centaur skeleton (D:5)
  Jessica (D:2)
  An iguana (D:6)
  7 worker ants
  3 hound zombies
  10 gnolls
  15 adders
  4 shadow imps
  3 white imps
  2 ufetubi
  2 oozes
  2 adder zombies (D:9)
  An adder skeleton (D:5)
  4 worms
  4 dart slugs
  6 leopard geckos
  52 orcs
  8 bats
  3 giant cockroaches
  4 goblins
  10 hobgoblins
  5 jackals
  3 quokkas
  2 ball pythons
  3 frilled lizards
  2 jackal skeletons (D:7)
  8 kobolds
  2 quokka skeletons
  11 rats
268 creatures vanquished.

Notes
Turn   | Place    | Note
-------+----------+-------------------------------------------
     0 | D:1      | tardwrangler69 the Draconian Earth Elementalist began the
                  | quest for the Orb.
     0 | D:1      | Reached XP level 1. HP: 14/14 MP: 3/3
   332 | D:1      | Reached XP level 2. HP: 9/20 MP: 0/5
  1398 | D:2      | Noticed Jessica
  1409 | D:2      | Killed Jessica
  1410 | D:2      | Reached skill level 4 in Earth Magic
  1410 | D:2      | Reached XP level 3. HP: 26/26 MP: 2/7
  1471 | D:2      | Found a hide-covered altar of Uskayaw.
  1501 | D:2      | Reached XP level 4. HP: 25/33 MP: 8/8
  1799 | D:1      | HP: 1/33 [gnoll/+0 hand axe (5)]
  2911 | D:2      | Reached skill level 5 in Earth Magic
  2911 | D:2      | Reached XP level 5. HP: 38/38 MP: 9/9
  3019 | D:2      | Learned a level 3 spell: Stone Arrow
  3584 | D:3      | Reached skill level 1 in Conjurations
  3926 | D:3      | Found a glowing silver altar of Zin.
  4027 | D:4      | Noticed an ogre
  4034 | D:4      | Killed an ogre
  4035 | D:4      | Reached XP level 6. HP: 29/45 MP: 7/11
  4227 | D:3      | Reached skill level 6 in Earth Magic
  4664 | D:4      | Your scales start taking on a golden yellow colour.
  4664 | D:4      | Reached XP level 7. HP: 50/50 MP: 13/13
  4664 | D:4      | Gained mutation: You are resistant to acid. (rCorr) [Yellow
                  | Draconian growth]
  4824 | D:5      | Entered Level 5 of the Dungeon
  4975 | D:5      | Found a hazy altar of Hepliaklqana.
  5008 | D:5      | Found a transporter.
  5050 | D:5      | Reached skill level 7 in Earth Magic
  5331 | D:5      | Learned a level 2 spell: Passwall
  5337 | D:5      | Learned a level 5 spell: Lee's Rapid Deconstruction
  5448 | D:5      | Found a transporter.
  5470 | D:5      | Reached XP level 8. HP: 53/57 MP: 15/15
  5628 | D:5      | Reached skill level 5 in Spellcasting
  5805 | D:5      | Reached skill level 8 in Earth Magic
  5904 | D:5      | Found a white marble altar of Elyvilon.
  6100 | D:6      | Found a staircase to the Ecumenical Temple.
  6136 | Temple   | Entered the Ecumenical Temple
  6355 | Temple   | Became a worshipper of Vehumet
  6710 | D:6      | Reached skill level 9 in Earth Magic
  6858 | D:6      | Noticed Prince Ribbit
  7342 | D:7      | Reached * piety under Vehumet
  7342 | D:7      | Offered knowledge of Magic Dart by Vehumet.
  7470 | D:7      | Reached XP level 9. HP: 56/62 MP: 18/18
  7529 | D:7      | Got an encrusted dagger
  7536 | D:7      | Reached skill level 10 in Earth Magic
  7979 | D:7      | Identified the +8 dagger "Liyred" {freeze, rN+ Str+2} (You
                  | found it on level 7 of the Dungeon)
  8080 | D:8      | Reached ** piety under Vehumet
  8081 | D:8      | Reached skill level 1 in Shields
  8147 | D:8      | Offered knowledge of Shock by Vehumet.
  8160 | D:8      | Found a staircase to the Lair.
  8160 | D:8      | Noticed an elephant
  8300 | D:7      | Killed an elephant
  8301 | D:7      | Reached skill level 11 in Earth Magic
  8655 | D:8      | Noticed a troll
  8659 | D:8      | Killed a troll
  8660 | D:8      | Reached XP level 10. HP: 50/69 MP: 18/21
  8795 | D:8      | Gained mutation: You are weak. (Str -2) [mutagenic glow]
  8806 | D:8      | Gained mutation: You tend to lose your temper in combat.
                  | [mutagenic glow]
  8871 | D:8      | Lost mutation: You tend to lose your temper in combat.
                  | [potion of mutation]
  8871 | D:8      | Lost mutation: You are weak. (Str -2) [potion of mutation]
  8871 | D:8      | Gained mutation: You are strong-willed. (Will+) [potion of
                  | mutation]
  8871 | D:8      | Gained mutation: Your mind is acute. (Int +2) [potion of
                  | mutation]
  9059 | D:8      | Found an ornate altar of the Wu Jian Council.
  9151 | D:8      | Found a burning altar of Makhleb.
  9262 | D:8      | Got a bloodstained dagger
  9263 | D:8      | Identified the +9 dagger "Awias" {pain, rF+ rC+++ Str+8
                  | Stlth-} (You found it on level 8 of the Dungeon)
  9336 | D:9      | Found a shadowy altar of Dithmenos.
  9337 | D:9      | Found an iron altar of Okawaru.
  9341 | D:9      | Found a sacrificial altar of Ru.
  9342 | D:9      | Found a sparkling altar of Nemelex Xobeh.
  9457 | D:9      | Offered knowledge of Inner Flame by Vehumet.
  9514 | D:9      | Found a shimmering altar of Xom.
  9629 | D:9      | Found a stormy altar of Qazlal.
  9639 | D:9      | Reached skill level 12 in Earth Magic
  9817 | D:9      | Reached *** piety under Vehumet
  9901 | D:9      | Found Koefi's Book Shoppe.
 10234 | D:9      | Found a staircase to the Orcish Mines.
 10349 | D:9      | Offered knowledge of Ignite Poison by Vehumet.
 10425 | D:9      | Found Risai's Weapon Shop.
 10580 | D:10     | Entered Level 10 of the Dungeon
 10648 | D:10     | Noticed an unseen horror
 10652 | D:10     | Killed an unseen horror
 10688 | D:10     | Noticed a cyclops
 10692 | D:10     | Hit by a large rock thrown by a cyclops

Illustrated notes

Levels and vault maps discovered:
D:1:      minmay_arrival_three_doors, layout_basic
D:2:      layout_rooms, lemuel_crystal_altar, uniq_jessica
D:3:      layout_basic, zin_treasury
D:4:      layout_basic
D:5:      gammafunk_steamed_eel, layout_loops_ring,
          lemuel_coloured_pillars_altar, nzn_hepliaklqana_mist_gate
D:6:      layout_gridville, minmay_temple_entry_metal_lava, chequers_avenue,
          hangedman_decor_growths, uniq_prince_ribbit1
D:7:      layout_loops_cross
D:8:      layout_rooms, makhleb_grotto_becter, nicolae_overflow_crystal_walls,
          david_lair_generic, solitary_fountain
D:9:      layout_roguey, minitemple, nicolae_qazlal_style_of_elements,
          erik_orc_1, serial_undead, serial_undead_a, serial_undead_d,
          serial_undead_b, serial_undead_e, serial_shops, nicolae_shop_crystal,
          kennysheep_little_box, xom_teletrap_fun
D:10:     layout_irregular_city, uniq_erica
Temple:   minmay_temple_curvy_loop

Skill      XL: |  1  2  3  4  5  6  7  8  9 10 |
---------------+-------------------------------+-----
Earth Magic    | 4 5 6 7 9 11 12 | 12.9
Spellcasting   | 3 4 6 7 8 |  8.6
Conjurations   | 1 2 3 |  3.0
Shields        | 3 4 |  4.0
Dodging        | |  1.7
Stealth        | |  1.7
Transmutations | |  1.0

Action                   |  1- 3 |  4- 6 |  7- 9 | 10-12 || total
-------------------------+-------+-------+-------+-------++-------
Melee: Spear             |    95 |    69 |       |       ||   164
       Unarmed           |     9 |       |       |       ||     9
       Tailslap          |     9 |    16 |    46 |    23 ||    94
       Rapier            |       |   133 |   336 |    30 ||   499
       Dagger            |       |       |    34 |   128 ||   162
 Cast: Sandblast         |     7 |    18 |    56 |    42 ||   123
       Stone Arrow       |       |       |     7 |     4 ||    11
       Lee's Rapid Decon |       |       |     3 |     9 ||    12
  Use: Scroll            |       |     6 |       |     9 ||    15
       Potion            |       |       |       |     1 ||     1
 Stab: Sleeping          |     5 |     6 |     4 |       ||    15
       Distracted        |     1 |       |       |       ||     1
Armor: Skin              |    21 |    68 |   204 |    46 ||   339
Dodge: Dodged            |    60 |   130 |   314 |    59 ||   563
Block: Buckler           |       |       |       |    22 ||    22
